 Dungeon Crawl Stone Soup version 0.15-a0-1689-gfa11693 (console) character file.

3523 worldstar the Gouger (level 9, -3/40 HPs)
             Began as a Felid Fighter on June 25, 2014.
             Was a Priest of Cheibriados.
             Killed from afar by an orc wizard (8 damage)
             ... with a magic dart
             ... on Level 8 of the Dungeon.
             The game lasted 00:35:04 (4917 turns).

worldstar the Gouger (Felid Fighter)                Turns: 4917, Time: 00:35:05

HP  -3/40        AC  2     Str 25      XL: 9   Next: 81%
MP  22/22        EV 31     Int 17      God: Cheibriados [***...]
Gold 350         SH  0     Dex 24      Spells:  0 memorised,  8 levels left
Lives: 0, deaths: 2

rFire  . . .     SeeInvis +       - Unarmed
rCold  . . .     Clarity  .     (armour unavailable)
rNeg   . . .     rCorr    .     (shield unavailable)
rPois  .         rRot     .     (helmet unavailable)
rElec  .         Spirit   .     (cloak unavailable)
SustAb .         Warding  .     (gloves unavailable)
rMut   .         Stasis   .     (boots unavailable)
Gourm  .                        (no amulet)
MR     +....                    (no ring)
                                (no ring)

@: exhausted, drained, very slow, somewhat resistant to hostile enchantments,
unstealthy
A: paw claws, no armour, no weapons or thrown items, fangs 3, see invisible,
carnivore 3, speed 1, robust 1, screaming 1, shaggy fur 2, slow metabolism 1,
strong 1, jump 2
a: Jump Attack, Bend Time, Temporal Distortion, Renounce Religion


You were on level 8 of the Dungeon.
You worshipped Cheibriados.
Cheibriados was most pleased with you.
You were completely stuffed.

You visited 2 branches of the dungeon, and saw 11 of its levels.

You collected 350 gold pieces.

Inventory:

Armour
 k - a +2 hat
Magical devices
 i - a wand of magic darts (14)
 o - a wand of disintegration (12)
 p - a wand of cold (6)
 u - a wand of hasting (7)
Comestibles
 c - 3 beef jerkies
 d - 2 meat rations
 g - 2 royal jellies
 r - 2 slices of pizza
 w - 3 chunks of orc flesh
Scrolls
 a - a scroll of immolation
 h - 3 scrolls of recharging
 j - 3 scrolls of identify
 q - a scroll of enchant armour
 s - 2 scrolls of remove curse
 t - a scroll of blinking
Jewellery
 l - an uncursed ring of teleportation
 n - an uncursed ring of teleport control
Potions
 b - 3 potions of brilliance
 e - 4 potions of might
 f - 2 potions of cure mutation
 m - 3 potions of haste
 v - 2 potions of curing


   Skills:
 * Level 3.1(3.0) Fighting
 - Level 10.6(10.5) Dodging
 + Level 12.0 Unarmed Combat
 - Level 6.2(6.1) Invocations


You had 8 spell levels left.
You didn't know any spells.

Dungeon Overview and Level Annotations

Branches:
Dungeon (10/15)            Temple (1/1) D:4
    Orc: D:9-12        Lair: D:8-11

Altars:
Ashenzari
Cheibriados
Dithmenos
Elyvilon
Fedhas
Gozag
Kikubaaqudgha
Makhleb
Nemelex Xobeh
Okawaru
Qazlal
Sif Muna
Trog
Vehumet
Xom
Yredelemnul
Zin

Annotations:
D:4 haldagan's ghost, experienced NaGl


Innate Abilities, Weirdness & Mutations

You cannot wear armour.
You are incapable of wielding weapons or throwing items.
Your paws have sharp claws.
You have razor-sharp teeth.
You have supernaturally acute eyesight.
You are carnivorous and can eat meat at any time.
You cover ground quickly.
You are covered in thick fur (AC +2).
You have a slow metabolism.
You can jump attack at a medium distance.
You are robust (+10% HP).
You occasionally shout uncontrollably at your foes.
Your muscles are strong. (Str +2)


Message History

Here: a centaur, wielding a shortbow The floor.
Unknown command.
Drink which item? (? for menu, Esc to quit)
Okay, then.
Unknown command.
Drink which item? (? for menu, Esc to quit)
You feel better.
The orc wizard points at you and mumbles some strange words.
The magic dart hits you!
* * * LOW HITPOINT WARNING * * *
The orc priest calls down the wrath of Beogh upon you.
You resist.
The centaur shoots an arrow.
The arrow hits you.
* * * LOW HITPOINT WARNING * * *
You claw the orc priest!
You kill the orc priest!
Cheibriados appreciates the change of pace.
The orc wizard gestures at you while chanting.
The magic dart hits you!
You die...

#####.# #.#.#
#.....# #.#.#
#.....# #.#.#
#.....# #.#.#
#####.# #.#.#
##.#########.#.#
#..))).))).....#
#.(###########.#
#..#..@o.#o..#.#
#..#.#oc..[#.#.#
#.(# #.......#.#
#..# #o#.#.#.#[#
..#..#.#.#.#
..#.#
#.#..#.#.#.#
##.# ....#.#.# .
..# #...#.#.# #
### #...#.#.#
#######


You could see a centaur, an orc wizard and 2 orcs.

Vanquished Creatures
  A hill giant (D:10)
  Prince Ribbit (D:7)
  A two-headed ogre (D:9)
  2 hungry ghosts
  Eustachio (D:9)
  A hippogriff (D:9)
  3 orc warriors
  2 ice beasts
  A necrophage (D:10)
  3 ogres
  4 sky beasts
  A big kobold (D:9)
  3 centaurs
  4 giant frogs
  13 wights
  The ghost of worldstar the Scratcher, a weakling FeFi (D:5)
  2 goliath beetles
  7 crimson imps
  6 orc priests
  2 jellies
  A centaur skeleton (D:8)
  3 hounds
  4 orc wizards
  9 worker ants
  Natasha (twice) (D:5)
  An ogre skeleton (D:5)
  A big kobold zombie (D:6)
  10 adders
  10 gnolls
  A shadow imp (D:9)
  2 giant mites
  2 worms
  6 giant geckos
  An ooze (D:3)
  41 orcs
  7 bats
  12 hobgoblins
  2 jackals (D:10)
  21 kobolds
  2 ball pythons
  4 giant cockroaches
  A giant gecko zombie (D:6)
  6 giant newts
  A giant spore (D:9)
  13 goblins
  A goblin zombie (D:5)
  An orc zombie (D:10)
  6 quokkas
  14 rats
  A ballistomycete (D:9)
245 creatures vanquished.

Notes
Turn   | Place    | Note
--------------------------------------------------------------
     0 | D:1      | worldstar, the Felid Fighter, began the quest for the Orb.
     0 | D:1      | Reached XP level 1. HP: 10/10 MP: 2/2
   146 | D:4      | Found a staircase to the Ecumenical Temple.
   165 | Temple   | Entered the Ecumenical Temple
   191 | Temple   | Became a worshipper of Cheibriados the Contemplative
   401 | D:5      | Entered Level 5 of the Dungeon
   443 | D:5      | Noticed a goliath beetle
   446 | D:5      | Noticed a wight
   448 | D:5      | Noticed a wight
   473 | D:5      | Killed a wight
   473 | D:5      | Reached skill level 1 in Invocations
   473 | D:5      | Reached XP level 2. HP: 12/14 MP: 3/3
   473 | D:5      | Reached XP level 3. HP: 14/17 MP: 5/5
   487 | D:5      | Killed a goliath beetle
   487 | D:5      | Reached skill level 5 in Unarmed Combat
   487 | D:5      | Reached XP level 4. HP: 13/21 MP: 6/8
   497 | D:5      | Killed a wight
   509 | D:5      | Noticed a wight
   511 | D:5      | Noticed Natasha
   512 | D:5      | Noticed a crimson imp
   512 | D:5      | Noticed a wight
   534 | D:4      | Noticed haldagan's ghost (experienced NaGl)
   552 | D:4      | HP: 1/21 [shadow imp/nerve-wracking pain (7)]
   869 | D:3      | Reached XP level 5. HP: 20/24 MP: 9/11
  1275 | D:1      | Reached skill level 6 in Unarmed Combat
  1725 | D:4      | Found a shadowy altar of Dithmenos.
  1725 | D:4      | Noticed a giant frog
  1725 | D:4      | Noticed a worker ant
  1733 | D:3      | Killed a giant frog
  1733 | D:3      | Gained mutation: You are covered in thick fur (AC +2). [growing up]
  1733 | D:3      | Gained mutation: You can jump attack at a medium distance. [growing up]
  1733 | D:3      | Reached XP level 6. HP: 14/28 MP: 9/13
  1887 | D:4      | Noticed a giant frog
  1897 | D:4      | Killed a giant frog
  2007 | D:4      | Slain by a wight
  2008 | D:4      | Reached XP level 5. HP: -4/24 MP: 11/11
  2050 | D:5      | Noticed worldstar's ghost (weakling FeFi)
  2052 | D:5      | Found a radiant altar of Vehumet.
  2064 | D:5      | Killed worldstar's ghost
  2064 | D:5      | Reached skill level 5 in Dodging
  2064 | D:5      | Reached skill level 7 in Unarmed Combat
  2076 | D:5      | Noticed a sky beast
  2092 | D:5      | Killed a sky beast
  2092 | D:5      | Reached XP level 6. HP: 10/28 MP: 9/13
  2105 | D:5      | Gained mutation: You are robust (+10% HP). [mutagenic meat]
  2113 | D:5      | Killed a crimson imp
  2168 | D:5      | HP: 1/30 [Natasha/magic dart (7)]
  2171 | D:5      | Killed Natasha
  2193 | D:5      | Gained mutation: You occasionally shout uncontrollably at your foes. [potion of mutation]
  2193 | D:5      | Gained mutation: Your muscles are strong. (Str +2) [potion of mutation]
  2203 | D:4      | Killed a wight
  2229 | D:4      | Noticed a worker ant
  2247 | D:4      | Killed a worker ant
  2249 | D:4      | Killed a wight
  2249 | D:4      | Reached XP level 7. HP: 15/34 MP: 12/16
  2463 | D:3      | Acquired Cheibriados' first power
  2580 | D:4      | Reached skill level 8 in Unarmed Combat
  2609 | D:4      | Killed a worker ant
  2635 | D:5      | Noticed Natasha
  2638 | D:5      | Killed Natasha
  2681 | D:5      | Noticed a worker ant
  2693 | D:5      | Killed a worker ant
  2877 | D:6      | Noticed a hungry ghost
  2901 | D:6      | Killed a hungry ghost
  2947 | D:6      | Acquired Cheibriados' second power
  2948 | D:6      | Reached skill level 9 in Unarmed Combat
  2948 | D:6      | Reached XP level 8. HP: 9/37 MP: 17/17
  2985 | D:6      | Found a glowing silver altar of Zin.
  2987 | D:6      | Noticed an angel
  3479 | D:7      | Noticed Prince Ribbit
  3483 | D:7      | Killed Prince Ribbit
  3483 | D:7      | Reached skill level 10 in Unarmed Combat
  3775 | D:8      | Reached XP level 9. HP: 32/40 MP: 20/20
  3779 | D:8      | Acquired Cheibriados' third power
  3849 | D:8      | Reached skill level 5 in Invocations
  4026 | D:8      | Shot with an arrow by a centaur
  4027 | D:8      | Reached XP level 8. HP: -3/37 MP: 18/20
  4139 | D:9      | Noticed Eustachio
  4154 | D:9      | Killed Eustachio
  4314 | D:9      | Reached skill level 11 in Unarmed Combat
  4349 | D:10     | Entered Level 10 of the Dungeon
  4384 | D:9      | Reached XP level 9. HP: 40/40 MP: 22/22
  4392 | D:10     | Noticed a hill giant
  4399 | D:10     | Killed a hill giant
  4399 | D:10     | Reached skill level 10 in Dodging
  4579 | D:9      | Noticed a two-headed ogre
  4584 | D:9      | Killed a two-headed ogre
  4770 | D:10     | Reached skill level 12 in Unarmed Combat
  4772 | D:10     | Noticed a troll
  4917 | D:8      | Killed from afar by an orc wizard

Action                   |  1- 3 |  4- 6 |  7- 9 || total
-------------------------+-------+-------+-------++-------
Melee: Unarmed           |    31 |   233 |   339 ||   603
Invok: Bend Time         |       |     7 |     4 ||    11
       Slouch            |       |       |     6 ||     6
 Abil: Evoke Teleportati |       |     1 |       ||     1
       Jump Attack       |       |       |     2 ||     2
Evoke: Wand              |       |       |     6 ||     6
  Use: Potion            |     1 |     5 |     2 ||     8
       Scroll            |       |    11 |     5 ||    16
 Stab: Sleeping          |       |     4 |    13 ||    17
       Distracted        |       |     1 |       ||     1
